 Dungeon Crawl Stone Soup version 0.18-a0-1314-g2549be2 (webtiles) character file.

10995 Oddball22 the Transmogrifier (level 11, -7/56 HPs)
             Began as a Vine Stalker Transmuter on Feb 15, 2016.
             Was the Champion of Sif Muna.
             Mangled by Snorg (14 damage)
             ... on level 11 of the Dungeon.
             The game lasted 00:50:57 (11158 turns).

Oddball22 the Transmogrifier (VSTm)                Turns: 11158, Time: 00:50:57

Health: -7/56      AC:  2    Str: 12    XL:     11   Next: 70%
Magic:  0/32       EV: 22    Int: 14    God:    Sif Muna [******]
Gold:   856        SH:  0    Dex: 23    Spells: 7 memorised, 0 levels left

rFire  . . .     SeeInvis .       - Unarmed
rCold  . . .     Gourm    .     (armour currently unavailable)
rNeg   . . .     Faith    .     (shield currently unavailable)
rPois  x         Spirit   +     (helmet currently unavailable)
rElec  .         Dismiss  .     (cloak currently unavailable)
rCorr  .         Reflect  .     (gloves currently unavailable)
SustAt .         Harm     .     (boots currently unavailable)
MR     +....                    Q - amulet of regeneration
Stlth  ++........               x - ring of wizardry
                                l - ring of magical power

@: spider-form, somewhat resistant to hostile enchantments, unstealthy
A: (fangs 0), (hooves 0), (icy blue scales 0), sense surroundings 1,
regeneration 2, robust 1, magic shield, (antimagic bite), no device heal 3, rot
immunity
a: End Transformation, Channel Energy, Forget Spell, Renounce Religion


You were on level 11 of the Dungeon.
You worshipped Sif Muna.
Sif Muna was exalted by your worship.
You were not hungry.
You were a venomous arachnid creature.
You visited 2 branches of the dungeon, and saw 13 of its levels.

You collected 856 gold pieces.

Inventory:

Hand Weapons
 u - a +3 quarterstaff of chaos
 X - the +8 storm bow (melded) {elec}
   (You found it on level 6 of the Dungeon)

   It charges the ammunition it shoots with electricity; occasionally upon a
   hit, such missiles may discharge and cause terrible harm.
Missiles
 a - 193 arrows
Armour
 v - a +0 cloak (melded)
 w - a +2 leather armour of poison resistance
 B - a +1 robe of the Archmagi (melded)
 T - the +4 shield of the Elephant {rN+ Regen+}
   (You found it on level 6 of the Dungeon)

   It protects you from negative energy.
   It increases your rate of regeneration.
Magical Staves
 i - an uncursed staff of summoning
Jewellery
 l - a ring of magical power (left front leg)
 x - a ring of wizardry (right front leg)
 y - an uncursed ring of resist corrosion
 Q - an amulet of regeneration (around neck)
 W - an uncursed ring of positive energy
Wands
 t - a wand of random effects (21/48)
 C - a wand of acid (6/15)
 G - a wand of flame (11/48)
 M - a wand of paralysis (10/24)
 R - a wand of flame (28/48)
 V - a wand of iceblast (7/15)
 Z - a wand of iceblast (0/15)
Scrolls
 b - a scroll of magic mapping {unknown}
 e - 4 scrolls of identify
 f - a scroll of fear
 j - 7 scrolls of remove curse
 s - a scroll of enchant weapon
 A - 3 scrolls of recharging
 E - a scroll of teleportation
 I - a scroll of amnesia {unknown}
 N - 2 scrolls of blinking {unknown}
 P - a scroll of vulnerability {unknown}
 S - 2 scrolls of enchant armour {unknown}
 U - 2 scrolls of holy word {unknown}
Potions
 h - a potion of curing
 k - a potion of ambrosia
 o - a potion of heal wounds {unknown}
 z - a potion of mutation
 D - a potion of brilliance {unknown}
 F - a potion of magic
 K - a potion of haste
 Y - a potion of flight
Books
 c - a book of Changes

   Spells                             Type                      Level
   a - Beastly Appendage              Transmutation                1
   b - Sticks to Snakes               Transmutation                2
   c - Spider Form                    Transmutation/Poison         3
   d - Ice Form                       Ice/Transmutation            4
   e - Blade Hands                    Transmutation                5
 m - a book of Hinderance

   Spells                             Type                      Level
   a - Confusing Touch                Hexes                        2
   b - Confuse                        Hexes                        3
   c - Gell's Gravitas                Hexes/Translocation          3
   d - Petrify                        Transmutation/Earth          4
   e - Metabolic Englaciation         Hexes/Ice                    5
   f - Yara's Violent Unravelling     Hexes/Transmutation          5
 J - Sif Muna's Guide on Congealing Shape Shifting
   (Sif Muna gifted it to you on level 10 of the Dungeon)

   Spells                             Type                      Level
   a - Freeze                         Ice                          1
   b - Beastly Appendage              Transmutation                1
   c - Sticks to Snakes               Transmutation                2
   d - Ice Form                       Ice/Transmutation            4
   e - Irradiate                      Conjuration/Transmutation    5
   f - Statue Form                    Transmutation/Earth          6
 L - a Grand Grimoire

   Spells                             Type                      Level
   a - Monstrous Menagerie            Summoning                    7
   b - Summon Greater Demon           Summoning                    7
   c - Malign Gateway                 Summoning/Translocation      7
   d - Summon Horrible Things         Summoning                    8
Comestibles
 d - 13 bread rations
 g - 8 meat rations
 n - 9 fruits
 p - 4 slices of pizza
 q - 4 beef jerkies
 r - 3 royal jellies


   Skills:
 - Level 2.8 Fighting
 + Level 2.9 Bows
 - Level 3.2 Dodging
 - Level 5.5 Unarmed Combat
 - Level 7.4 Spellcasting
 + Level 3.1 Conjurations
 - Level 9.9 Transmutations
 - Level 6.3 Ice Magic
 - Level 3.6 Earth Magic
 - Level 7.9 Poison Magic
 + Level 1.3 Invocations


You couldn't memorise any spells.
You knew the following spells:

 Your Spells              Type           Power        Failure   Level  Hunger
a - Beastly Appendage     Trmt           ####..       1%          1    None
b - Sticks to Snakes      Trmt           ####....     1%          2    None
c - Spider Form           Trmt/Pois      ####......   2%          3    ##.....
d - Ice Form              Ice/Trmt       ####....     7%          4    ####...
e - Blade Hands           Trmt           ####......   10%         5    #####..
f - Petrify               Trmt/Erth      ###.....     10%         4    ####...
g - Irradiate             Conj/Trmt      ###.......   24%         5    #####..


Dungeon Overview and Level Annotations

Branches:
Dungeon (12/15)            Temple (1/1) D:4            Lair (0/8) D:11
    Orc (0/2) D:10

Altars:
Ashenzari
Cheibriados
Dithmenos
Elyvilon
Fedhas
Gozag
Kikubaaqudgha
Makhleb
Nemelex Xobeh
Pakellas
Qazlal
Ru
Sif Muna
Vehumet
Xom
Yredelemnul
The Shining One
Beogh

Shops:
D:9 %

Annotations:
D:11 Snorg


Innate Abilities, Weirdness & Mutations

((You have razor-sharp teeth.))
You heal very quickly.
When hurt, damage is shared between your health and your magic reserves.
((Your bite disrupts and absorbs the magic of your enemies.))
Potions and wands cannot restore your health.
You are immune to rotting.
((You have large cloven feet.))
((You are partially covered in icy blue scales (AC +1).))
You passively map a small area around you.
You are robust (+10% HP).


Message History

Snorg closely misses you. The kobold completely misses you.
The kobold barely misses you.
You climb upwards.
There is a stone staircase leading down here.
You hit the kobold.
The kobold is moderately wounded.
The wyvern closely misses you. The kobold closely misses you.
The wyvern misses you.
You hit the kobold.
You kill the kobold!
The wyvern bites you! Snorg barely misses you. Snorg claws you!
Snorg closely misses you. The wyvern bites you.
The wyvern completely misses you.
Items here: ) ††† a whip; a kobold corpse x2; a big kobold corpse Snorg misses you.
Snorg claws you! Snorg claws you. Snorg closely misses you. Snorg misses you.
Snorg claws you!!
* * * LOW HITPOINT WARNING * * *
Snorg bites you!
You die...

### ### ## ##.##
#. ###.#.###.
##..###.##.
######..## ##...
###......## ##.#
#.........## ##...
#s#.###[#..###..##
#T#.###<###.#.#.##
#.#..##.# #.......
#K##.##.# #.###.##
#l##.##.# #.# #.#.
#(>.....###.# #...
########.##.....#
###.
#......#.##.....#
#.
#.####.#.##.>...#
#.


You could see Snorg (berserk), a wyvern and a kobold.

Vanquished Creatures
  Erica (D:8)
  Urug (D:11)
  A hill giant (D:11)
  An orc knight (D:10)
  The ghost of Oddball22 the Magician, a novice DrTm of Sif Muna (D:7)
  A cyclops (D:10)
  A manticore (D:11)
  A centaur zombie (D:10)
  A komodo dragon (D:11)
  A kobold demonologist (D:11)
  Sigmund (D:5)
  A spriggan (D:9)
  A wyvern (D:10)
  A hungry ghost (D:11)
  2 hippogriffs
  3 black bears
  6 orc warriors
  An ice beast (D:5)
  A sky beast (D:5)
  4 ogres
  2 phantoms (D:6)
  5 centaurs
  A crocodile (D:11)
  2 big kobolds
  4 giant frogs
  A gnoll sergeant (D:7)
  5 scorpions
  6 killer bees (D:10)
  24 wights
  6 crimson imps
  3 quasits
  A giant frog zombie (D:8)
  A centaur skeleton (D:9)
  2 hounds
  3 jellies
  Crazy Yiuf (D:2)
  2 giant frog skeletons
  6 orc priests
  Jessica (D:3)
  6 iguanas
  Ijyb (D:3)
  8 orc wizards
  A statue (D:5)
  9 worker ants
  4 hound zombies
  2 hound skeletons
  A mummy (D:6)
  5 gnolls (D:6)
  17 adders
  9 river rats
  2 shadow imps (D:6)
  An ooze (D:6)
  4 adder skeletons
  6 worms
  8 giant geckos
  38 orcs
  7 giant cockroaches
  5 goblins
  2 hobgoblins
  7 jackals
  4 quokkas
  3 ball pythons
  6 bats
  2 giant gecko skeletons
  A giant gecko zombie (D:7)
  6 giant newts
  17 kobolds
  A quokka skeleton (D:6)
  25 rats
  A fungus (D:2)
316 creatures vanquished.

Vanquished Creatures (others)
  An adder (D:12)
1 creature vanquished.

Grand Total: 317 creatures vanquished

Notes
Turn   | Place    | Note
--------------------------------------------------------------
     0 | D:1      | Oddball22 the Vine Stalker Transmuter began the quest for the Orb.
     0 | D:1      | Reached XP level 1. HP: 9/9 MP: 4/4
   255 | D:1      | Reached skill level 1 in Fighting
   528 | D:1      | Reached XP level 2. HP: 11/14 MP: 3/6
  1234 | D:2      | Reached XP level 3. HP: 5/18 MP: 4/7
  1411 | D:2      | Noticed Crazy Yiuf
  1416 | D:2      | Learned a level 2 spell: Sticks to Snakes
  1420 | D:2      | Learned a level 3 spell: Spider Form
  1436 | D:2      | Killed Crazy Yiuf
  1436 | D:2      | Reached skill level 4 in Unarmed Combat
  1436 | D:2      | Reached XP level 4. HP: 7/23 MP: 3/8
  1683 | D:2      | Found a stormy altar of Qazlal.
  1767 | D:2      | Found a glowing golden altar of the Shining One.
  2115 | D:3      | Reached XP level 5. HP: 7/26 MP: 4/9
  2189 | D:3      | Found a sacrificial altar of Ru.
  2343 | D:3      | Noticed Jessica
  2359 | D:3      | Killed Jessica
  2359 | D:3      | Reached skill level 5 in Unarmed Combat
  2359 | D:3      | Gained mutation: You heal very quickly. [Vine Stalker growth]
  2359 | D:3      | Reached XP level 6. HP: 21/32 MP: 9/10
  2926 | D:4      | Found a staircase to the Ecumenical Temple.
  2936 | Temple   | Entered the Ecumenical Temple
  2958 | Temple   | Became a worshipper of Sif Muna the Loreminder
  3301 | D:3      | Found an oddly glowing altar of Pakellas.
  3301 | D:3      | Noticed Ijyb
  3311 | D:3      | Killed Ijyb
  3391 | D:5      | Entered Level 5 of the Dungeon
  3549 | D:5      | Reached skill level 1 in Poison Magic
  3549 | D:5      | Reached XP level 7. HP: 25/35 MP: 12/12
  3639 | D:5      | Learned a level 4 spell: Ice Form
  3734 | D:5      | Noticed Sigmund
  3751 | D:5      | Killed Sigmund
  3751 | D:5      | Reached * piety under Sif Muna
  3967 | D:5      | Gained mutation: You have razor-sharp teeth. [Vine Stalker growth]
  3967 | D:5      | Reached XP level 8. HP: 39/39 MP: 15/15
  4177 | D:5      | Reached skill level 5 in Spellcasting
  4338 | D:5      | Found a radiant altar of Vehumet.
  4361 | D:5      | Learned a level 5 spell: Blade Hands
  4761 | D:6      | Reached ** piety under Sif Muna
  4855 | D:6      | Found a snail-covered altar of Cheibriados.
  4928 | D:6      | Got a faintly humming shield
  5036 | D:6      | Reached skill level 6 in Spellcasting
  5281 | D:6      | Reached XP level 9. HP: 35/43 MP: 20/20
  5358 | D:6      | Identified the +4 shield of the Elephant {rN+ Regen+} (You found it on level 6 of the Dungeon)
  5418 | D:6      | Reached skill level 5 in Transmutations
  5435 | D:6      | Found a shadowy altar of Dithmenos.
  5452 | D:6      | Reached *** piety under Sif Muna
  5452 | D:6      | Reached skill level 1 in Ice Magic
  5464 | D:6      | Found a shimmering altar of Xom.
  5906 | D:7      | Gained mutation: Your magical capacity is low (-10% MP). [potion of mutation]
  5906 | D:7      | Gained mutation: Your spells are a little easier to cast, but a little less powerful. [potion of mutation]
  5929 | D:7      | Reached skill level 5 in Poison Magic
  5949 | D:7      | Lost mutation: Your magical capacity is low (-10% MP). [potion of cure mutation]
  5949 | D:7      | Lost mutation: Your spells are a little easier to cast, but a little less powerful. [potion of cure mutation]
  5950 | D:7      | Gained mutation: Scrolls take you a little longer to read. [potion of mutation]
  5950 | D:7      | Gained mutation: You passively map a small area around you. [potion of mutation]
  5950 | D:7      | Gained mutation: You have large cloven feet. [potion of mutation]
  5951 | D:7      | Gained mutation: You are partially covered in icy blue scales (AC +1). [potion of mutation]
  5951 | D:7      | Lost mutation: Scrolls take you a little longer to read. [potion of mutation]
  5952 | D:7      | Gained mutation: You are robust (+10% HP). [potion of mutation]
  5952 | D:7      | Gained mutation: Scrolls take you a little longer to read. [potion of mutation]
  5952 | D:7      | Lost mutation: Scrolls take you a little longer to read. [potion of mutation]
  6041 | D:7      | Noticed Oddball22's ghost (novice DrTm)
  6474 | D:7      | Killed Oddball22's ghost
  6474 | D:7      | Reached **** piety under Sif Muna
  6754 | D:7      | Found an opulent altar of Gozag.
  6884 | D:7      | Reached skill level 7 in Transmutations
  6956 | D:8      | Reached XP level 10. HP: 39/52 MP: 21/21
  7053 | D:8      | Noticed Erica
  7077 | D:8      | Killed Erica
  7077 | D:8      | Reached ***** piety under Sif Muna
  7077 | D:8      | Reached skill level 8 in Transmutations
  7479 | D:8      | Found a burning altar of Makhleb.
  7551 | D:8      | Reached skill level 5 in Ice Magic
  8245 | D:9      | Found Tarem's Food Shop.
  8635 | D:9      | Reached skill level 9 in Transmutations
  8784 | D:10     | Entered Level 10 of the Dungeon
  8919 | D:10     | Reached ****** piety under Sif Muna
  8979 | D:10     | Found a roughly hewn altar of Beogh.
  8979 | D:10     | Found a staircase to the Orcish Mines.
  8979 | D:10     | Noticed an orc knight
  9016 | D:10     | Killed an orc knight
  9016 | D:10     | Received a gift from Sif Muna
  9061 | D:10     | Reached XP level 11. HP: 51/56 MP: 10/22
  9090 | D:10     | Identified Sif Muna's Guide on Congealing Shape Shifting (Sif Muna gifted it to you on level 10 of the Dungeon)
  9096 | D:10     | Learned a level 4 spell: Petrify
  9167 | D:10     | Reached skill level 1 in Earth Magic
  9297 | D:9      | Learned a level 5 spell: Irradiate
  9447 | D:10     | Noticed a cyclops
  9592 | D:10     | Found a basalt altar of Yredelemnul.
 10005 | D:10     | Killed a cyclops
 10070 | D:11     | Noticed a hill giant
 10078 | D:11     | Killed a hill giant
 10078 | D:11     | Reached skill level 1 in Bows
 10078 | D:11     | Reached skill level 1 in Conjurations
 10604 | D:11     | Noticed a manticore
 10606 | D:11     | Found a staircase to the Lair.
 10619 | D:11     | Killed a manticore
 11065 | D:12     | Noticed Urug
 11080 | D:11     | Killed Urug
 11080 | D:11     | Reached skill level 1 in Invocations
 11104 | D:12     | Noticed Snorg
 11158 | D:11     | Mangled by Snorg

Vault maps used:
D:1:      matt_arrival_refuge
D:2:      overflow_temple_1_default, minmay_gold_behind_fungi, tso_altar,
          uniq_crazy_yiuf_cottage
D:3:      lemuel_upstairs_altar, old_standard_altar, uniq_iyjb, uniq_jessica
D:4:      minmay_temple_entry_trees
D:5:      lemuel_ratsnest, vehumet_statue, first_bread, uniq_sigmund
D:6:      kennysheep_windowed_halls, slow_altar_1,
          nicolae_dithmenos_the_darkroom, xom_teletrap_fun
D:7:      kennysheep_little_box, enter_ossuary_2
D:8:      lightli_temple_of_fire, uniq_erica
D:9:      serial_shops, shop, the_bakery
D:10:     david_orc_5, yredelemnul_altar_generic
D:11:     dpeg_lair_monsters, minmay_door_square
D:12:     uniq_snorg, uniq_urug
Temple:   circular_temple_12

Action                   |  1- 3 |  4- 6 |  7- 9 | 10-12 || total
-------------------------+-------+-------+-------+-------++-------
Melee: Unarmed           |   102 |   135 |   435 |   497 ||  1169
 Fire: Longbow           |       |       |       |    46 ||    46
 Cast: Beastly Appendage |     9 |    17 |    32 |     6 ||    64
       Spider Form       |     1 |    10 |    25 |    26 ||    62
       Blade Hands       |       |       |     3 |     8 ||    11
Evoke: Wand              |       |       |    10 |       ||    10
  Use: Potion            |       |       |    15 |     2 ||    17
       Scroll            |       |       |    12 |     4 ||    16
 Stab: Sleeping          |       |     1 |     3 |     1 ||     5
       Invisible         |       |       |       |     3 ||     3
  Eat: Chunk             |     2 |     9 |    16 |    18 ||    45
